 Dungeon Crawl Stone Soup version 0.29.1-4-g47bece8355 (webtiles) character file.

Game seed: 8223897645719474743

56 KittyFluff the Trooper (level 3, -6/24 HPs)
             Began as a Gargoyle Berserker on Dec 2, 2022.
             Was a Believer of Trog.
             Mangled by a gnoll
             ... wielding a +0 halberd
              (7 damage)
             ... on level 2 of the Dungeon.
             The game lasted 00:03:33 (1408 turns).

KittyFluff the Trooper (Gargoyle Berserker)         Turns: 1408, Time: 00:03:35

Health: -6/24      AC:  5    Str: 20    XL:     3   Next: 97%
Magic:  3/3        EV: 12    Int:  7    God:    Trog [**....]
Gold:   82         SH:  0    Dex: 11    Spells: 2/2 levels left

rFire   . . .      SeeInvis .   a - +0 mace
rCold   . . .      Faith    .   (no shield)
rNeg    + . .      Spirit   .   b - +0 animal skin
rPois   ∞          Reflect  .   (no helmet)
rElec   +          Harm     .   (no cloak)
rCorr   .          Rampage  .   (no gloves)
Will    .....                   (no boots)
Stlth   +.........              k - amulet of the acrobat
HPRegen 0.08/turn               (no ring)
MPRegen 0.08/turn               (no ring)

@: no status effects
A: sickness immunity, AC +3, negative energy resistance 1, electricity
resistance, torment resistance 1, petrification resistance
a: Renounce Religion, Berserk, Trog's Hand


You were on level 2 of the Dungeon.
You worshipped Trog.
Trog was pleased with you.
You visited 1 branch of the dungeon, and saw 2 of its levels.

You collected 82 gold pieces.

Inventory:

Hand Weapons
 a - a +0 mace (weapon)
 l - a +0 sling
Missiles
 e - 11 stones (quivered)
 f - 3 javelins
Armour
 b - a +0 animal skin (worn)
Jewellery
 k - an amulet of the acrobat (around neck)
Scrolls
 g - a scroll of vulnerability {unknown}
 h - a scroll of identify {unknown}
 i - a scroll of fog {unknown}
Potions
 c - a potion of flight {unknown}
 d - a potion of mutation {unknown}
 j - 3 potions of curing {unknown}
 m - a potion of brilliance {unknown}


   Skills:
 + Level 4.1 Fighting
 + Level 3.6 Maces & Flails
 * Level 2.6 Armour
 + Level 1.8 Dodging


You had 2 spell levels left.
You didn't know any spells.
Your spell library was empty.

Dungeon Overview and Level Annotations

Branches:
Dungeon (2/15)

Altars:


Innate Abilities, Weirdness & Mutations

You are immune to sickness and miasma.
Your stone body is resilient. (AC +3)
You are immune to poison.
You resist negative energy. (rN+)
You are resistant to electric shocks. (rElec)
You are resistant to unholy torment.
You are immune to petrification.


Message History

The hobgoblin barely misses you.
You barely miss the hobgoblin.
The hobgoblin is moderately wounded.
The hobgoblin barely misses you.
You barely miss the hobgoblin.
The hobgoblin is moderately wounded.
The hobgoblin misses you. The gnoll hits you but does no damage.
A gnoll comes into view. It is wielding a +0 whip.
The hobgoblin closely misses you.
The gnoll shouts!
You hit the hobgoblin but do no damage.
The hobgoblin is moderately wounded.
You hear a shout!
The gnoll hits you with a +0 whip. The hobgoblin misses you.
The gnoll hits you from afar with a +0 halberd!
You sock the gnoll!
The gnoll is severely wounded.
The hobgoblin closely misses you. The gnoll closely misses you.
The gnoll hits you from afar with a +0 halberd.
You hit the gnoll.
You kill the gnoll!
Trog accepts your kill. The hobgoblin hits you.
The gnoll completely misses you. The hobgoblin attacks as you move away!
The hobgoblin hits you.
* * * LOW HITPOINT WARNING * * *
The gnoll completely misses you.
Things that are here:
a +0 whip; a gnoll corpse You hit the gnoll.
The gnoll is lightly wounded.
The hobgoblin closely misses you. The gnoll hits you with a +0 halberd.
* * * LOW HITPOINT WARNING * * *
You closely miss the gnoll.
The gnoll is lightly wounded.
The hobgoblin hits you but does no damage.
The gnoll misses you.
A gnoll comes into view. It is wielding a +3 flail.
The hobgoblin hits you but does no damage.
The gnoll hits you with a +0 halberd!
You die...

#.############.#.#
#.# .#.# ..# .#.#
### #.# #.# #.#####
#.....#
############.#
.>.....g@gg..#
############g#######
#........ #........
#..#####. #..# #.g#
...# ##.#


You could see 3 gnolls and a hobgoblin.

Vanquished Creatures
  A gnoll (D:2)
  A worm (D:2)
  2 dart slugs
  2 bats
  6 endoplasms
  4 goblins
  4 hobgoblins
  A jackal (D:1)
  2 kobolds (D:1)
  5 ball pythons
  4 frilled lizards (D:1)
  4 rats
36 creatures vanquished.

Notes
Turn   | Place    | Note
-------+----------+-------------------------------------------
     0 | D:1      | KittyFluff the Gargoyle Berserker began the quest for the
                  | Orb.
     0 | D:1      | Reached XP level 1. HP: 14/14 MP: 1/1
   285 | D:1      | Reached XP level 2. HP: 19/19 MP: 2/2
   497 | D:1      | Reached XP level 3. HP: 11/24 MP: 3/3
   797 | D:1      | Reached ** piety under Trog
  1310 | D:2      | Reached skill level 4 in Fighting
  1407 | D:2      | HP: 1/24 [gnoll/+0 halberd (4)]
  1408 | D:2      | Mangled by a gnoll

Illustrated notes

Levels and vault maps discovered:
D:1:      ncdulo_lavacross, layout_basic, minmay_cut_off
D:2:      layout_loops_ring, hellmonk_ecumenical_altar_prayer_group,
          grunt_ministairs_11

Skill      XL: |  1  2  3 |
---------------+----------+-----
Fighting       | 4 |  4.1
Maces & Flails | |  3.6
Armour         | |  2.6
Dodging        | |  1.8

Action                   || total
-------------------------++-------
Melee: Mace              ||   105
Throw: Throwing net      ||     1
Armor: Animal skin       ||    34
Dodge: Dodged            ||    77
